 Dungeon Crawl Stone Soup version 0.21.0-3-g78d12a8 (console) character file.

322 Rjs the Cudgeler (level 6, -3/64 HPs)
             Began as an Ogre Gladiator on Jan 14, 2018.
             Slain by a sky beast (6 damage)
             ... on level 7 of the Dungeon.
             The game lasted 00:08:01 (2991 turns).

Rjs the Cudgeler (Ogre Gladiator)                   Turns: 2991, Time: 00:08:02

Health: -3/64      AC:  5    Str: 21    XL:     6   Next: 47%
Magic:  6/6        EV: 11    Int:  9    God:
Gold:   121        SH:  0    Dex: 13    Spells: 5/5 levels left

rFire    . . .     SeeInvis .   a - +0 flail
rCold    . . .     Gourm    .   (no shield)
rNeg     . . .     Faith    .   b - +0 robe
rPois    +         Spirit   .   c - +0 hat
rElec    .         Reflect  .   s - +0 cloak
rCorr    .         Harm     .   (gloves unavailable)
MR       .....     Rnd*Tele +   (boots unavailable)
Stlth    ++........             (no amulet)
HPRegen  0.20/turn              j - ring of poison resistance
MPRegen  0.10/turn              m - +3 ring of dexterity

@: no status effects
A: large, unfitting armour, rugged brown scales 1, teleportitis 1, tough skin 1,
wild magic 1
a: no special abilities


You were on level 7 of the Dungeon.
You were not hungry.

You visited 1 branch of the dungeon, and saw 5 of its levels.

You collected 121 gold pieces.

Inventory:

Hand Weapons
 a - a +0 flail (weapon)
 k - a +1 trident of venom
Missiles
 d - 3 throwing nets
 h - 67 stones (quivered)
Armour
 b - a +0 robe (worn)
 c - a +0 hat (worn)
 n - a +0 large shield
 s - a +0 cloak (worn)
 u - a +0 robe
Jewellery
 j - a ring of poison resistance (left hand)
 m - a +3 ring of dexterity (right hand)
Scrolls
 e - 3 scrolls of identify
 p - a scroll of fog
Potions
 i - a potion of invisibility
Comestibles
 f - 8 rations
 l - a chunk of flesh


   Skills:
 + Level 4.5 Fighting
 + Level 4.5 Maces & Flails
 + Level 2.8 Throwing
 + Level 3.9 Dodging
 + Level 0.9 Stealth


You had 5 spell levels left.
You didn't know any spells.

Dungeon Overview and Level Annotations

Branches:
Dungeon (4/15)
 Temple: D:4-7

Altars:
Fedhas
Kikubaaqudgha
Uskayaw


Innate Abilities, Weirdness & Mutations

You are too large for most types of armour.
You have tough skin. (AC +1)
You are partially covered in rugged brown scales. (AC +1, +3% HP)
You are occasionally teleported next to monsters.
Your spells are a little harder to cast, but a little more powerful.


Message History

The hound closely misses you.
Found 22 sling bullets.
A worker ant comes into view.
The worker ant moves out of view.
The hound barely misses you.
Press: ? - help, v - describe, . - travel A shaft.
There is a shaft here.
You fall through a shaft for 3 floors!
The shaft crumbles and collapses.
A sky beast comes into view.
You closely miss the sky beast. The sky beast hits you.
* * * LOW HITPOINT WARNING * * *
The sky beast shocks you.
* * * LOW HITPOINT WARNING * * *
You sock the sky beast!
The sky beast is moderately wounded.
The sky beast hits you.
* * * LOW HITPOINT WARNING * * *
The sky beast shocks you.
You die...

#######
#.....##
#......##
#.Y.....##
#@.......
#######..


You could see a sky beast.

Vanquished Creatures
  Sigmund (D:2)
  A crimson imp (D:3)
  A centaur zombie (D:2)
  Jessica (D:2)
  An adder (D:3)
  A worm (D:2)
  A dart slug (D:1)
  A leopard gecko (D:3)
  8 orcs
  2 ball pythons (D:1)
  4 giant cockroaches
  3 goblins
  8 hobgoblins
  5 kobolds
  6 bats
  4 frilled lizards (D:1)
  6 rats
54 creatures vanquished.

Notes
Turn   | Place    | Note
-------+----------+-------------------------------------------
     0 | D:1      | Rjs the Ogre Gladiator began the quest for the Orb.
     0 | D:1      | Reached XP level 1. HP: 22/22 MP: 1/1
   387 | D:1      | Reached XP level 2. HP: 20/31 MP: 2/2
   830 | D:1      | Reached XP level 3. HP: 35/37 MP: 3/3
  1496 | D:2      | Reached XP level 4. HP: 24/45 MP: 4/4
  1772 | D:2      | Noticed Jessica
  1794 | D:2      | Killed Jessica
  1842 | D:2      | Noticed Sigmund
  1854 | D:2      | Gained mutation: You are partially covered in rugged brown scales. (AC +1, +3% HP) [potion of mutation]
  1854 | D:2      | Gained mutation: You are occasionally teleported next to monsters. [potion of mutation]
  1854 | D:2      | Gained mutation: Your spells are a little harder to cast, but a little more powerful. [potion of mutation]
  1878 | D:2      | Killed Sigmund
  1878 | D:2      | Reached XP level 5. HP: 28/55 MP: 5/5
  1878 | D:2      | Reached XP level 6. HP: 32/63 MP: 6/6
  2441 | D:3      | Found a blossoming altar of Fedhas.
  2571 | D:3      | Found a hide-covered altar of Uskayaw.
  2980 | D:4      | Found an ancient bone altar of Kikubaaqudgha.
  2989 | D:4      | You fall through a shaft for 3 floors!
  2989 | D:7      | Noticed a sky beast
  2991 | D:7      | HP: 3/64 [sky beast (2)]
  2991 | D:7      | Slain by a sky beast

Skill      XL: |  1  2  3  4 |
---------------+-------------+-----
Fighting       | 3 4 |  4.5
Dodging        | 3 |  3.9
Maces & Flails | 3 4 |  4.5
Throwing       | |  2.8
Stealth        | |  0.9

Action                   |  1- 3 |  4- 6 || total
-------------------------+-------+-------++-------
Melee: Flail             |   105 |    92 ||   197
Throw: Stone             |    21 |     9 ||    30
  Use: Potion            |       |     4 ||     4
       Scroll            |       |     7 ||     7
 Stab: Sleeping          |     1 |     1 ||     2
  Eat: Chunk             |     2 |     1 ||     3
       Ration            |       |     1 ||     1
Armor: Robe              |    37 |    19 ||    56
Dodge: Dodged            |    71 |    64 ||   135
